 Dungeon Crawl Stone Soup version 0.22.0 (webtiles) character file.

3337 Matezma the Cleaver (level 9, -4/79 HPs)
             Began as a Minotaur Berserker on Oct 29, 2018.
             Was a High Priest of Trog.
             Slain by a two-headed ogre
             ... wielding a +0 giant club
              (28 damage)
             ... on level 8 of the Dungeon.
             The game lasted 00:32:46 (6970 turns).

Matezma the Cleaver (Minotaur Berserker)            Turns: 6970, Time: 00:32:47

Health: -4/79      AC: 16    Str: 31    XL:     9   Next: 72%
Magic:  8/8        EV:  8    Int:  4    God:    Trog [*****.]
Gold:   365        SH:  0    Dex: 10    Spells: 8/8 levels left

rFire    . . .     SeeInvis .   s - +6 hand axe of Isilux {freeze, Str+6}
rCold    . . .     Gourm    .   (no shield)
rNeg     . . .     Faith    .   B - +1 plate armour
rPois    .         Spirit   .   (helmet restricted)
rElec    .         Reflect  .   w - +1 cloak {MR+}
rCorr    .         Harm     .   (no gloves)
MR       ++...                  (no boots)
Stlth    ..........             (no amulet)
HPRegen  0.23/turn              m - ring of protection from magic
MPRegen  0.11/turn              (no ring)

@: no status effects
A: retaliatory headbutt, horns 2
a: Berserk, Trog's Hand, Brothers in Arms, Renounce Religion


You were on level 8 of the Dungeon.
You worshipped Trog.
Trog was extremely pleased with you.
You were not hungry.

You visited 1 branch of the dungeon, and saw 8 of its levels.

You collected 365 gold pieces.

Inventory:

Hand Weapons
 a - a +3 hand axe
 s - the +6 hand axe of Isilux (weapon) {freeze, Str+6}
   (You found it on level 4 of the Dungeon)

   It has been specially enchanted to freeze those struck by it, causing extra
   injury to most foes and up to half again as much damage against particularly
   susceptible opponents.
   It can also slow down cold-blooded creatures.
   It affects your strength (+6).
Missiles
 j - 218 stones (quivered)
Armour
 k - a +0 ring mail of cold resistance
 w - a +1 cloak of magic resistance (worn)
 B - a +1 plate armour (worn)
Jewellery
 m - a ring of protection from magic (left hand)
 y - a cursed ring of attention {unknown}
Wands
 g - a wand of random effects (20)
Scrolls
 p - 2 scrolls of teleportation
 x - a scroll of fear
Potions
 b - 4 potions of cancellation
 d - 2 potions of berserk rage {unknown}
 e - a potion of might {unknown}
 f - 7 potions of curing
 h - 3 potions of degeneration {unknown}
 i - 2 potions of brilliance
 l - 2 potions of haste
 r - 2 potions of flight {unknown}
 t - 4 potions of agility
 v - a potion of invisibility {unknown}
Comestibles
 c - 15 rations


   Skills:
 + Level 7.0 Fighting
 - Level 14.0 Axes
 + Level 6.4 Armour
 - Level 2.1 Dodging


You had 8 spell levels left.
You didn't know any spells.
Your spell library was empty.

Dungeon Overview and Level Annotations

Branches:
Dungeon (8/15)             Temple (0/1) D:5
   Lair: D:8-11

Altars:
Ashenzari


Innate Abilities, Weirdness & Mutations

You reflexively headbutt those who attack you in melee.
You have a pair of horns on your head.


Message History

Aim: a two-headed ogre, wielding a giant club and a giant spiked club (lightly wounded)
You throw a steel tomahawk.
The steel tomahawk barely misses the two-headed ogre.
Your plate armour prevents you from hitting the two-headed ogre.
You headbutt the two-headed ogre!!
The two-headed ogre is moderately wounded.
The two-headed ogre hits you with a giant club!
The two-headed ogre hits you with a giant spiked club!
You are too injured to fight recklessly!
You are too injured to fight recklessly!
You are too injured to fight recklessly!
You hit the two-headed ogre. You freeze the two-headed ogre.
The two-headed ogre is heavily wounded.
You completely miss the two-headed ogre.
Your headbutt misses the two-headed ogre.
The two-headed ogre is heavily wounded.
You slash the two-headed ogre! You freeze the two-headed ogre!
The two-headed ogre is almost dead.
The two-headed ogre hits you with a giant club!!
You die...

..###.......##.. .)...
##................ .....
.................. ####..#
..................##....#
...................(..#.#
...................#.##.#
.......##.##.#####()....#
..(..........# #.O<.[##.#
............####@#.รท## # 8
####..............### ##
..#
#........####..#8###8##...#
#........# #......).......
########## #.....))....8..
#..............
......#8###8##...#
####.#### ## ..# #.# .8


You could see a two-headed ogre.

Vanquished Creatures
  A cyclops (D:8)
  Prince Ribbit (D:6)
  Eustachio (D:5)
  An orc warrior (D:6)
  Duvessa (D:6)
  An ice beast (D:6)
  A phantom (D:8)
  3 sky beasts
  3 ogres
  2 water moccasin zombies (D:6)
  A scorpion (D:2)
  Dowan (D:6)
  6 killer bees (D:8)
  5 wights (D:8)
  A howler monkey (D:4)
  3 crimson imps
  Crazy Yiuf (D:5)
  2 jellies
  7 orc priests
  9 orc wizards
  2 hounds
  An iguana (D:4)
  3 worker ants
  6 adders
  A howler monkey skeleton (D:6)
  An ooze (D:3)
  2 adder skeletons (D:5)
  4 worms (D:3)
  4 dart slugs
  7 leopard geckos
  27 orcs
  6 bats
  5 giant cockroaches
  8 goblins
  6 hobgoblins
  11 jackals
  5 kobolds
  4 quokkas
  A ball python (D:6)
  8 frilled lizards
  A jackal skeleton (D:3)
  2 leopard gecko skeletons (D:5)
  9 rats
175 creatures vanquished.

Notes
Turn   | Place    | Note
-------+----------+-------------------------------------------
     0 | D:1      | Matezma the Minotaur Berserker began the quest for the Orb.
     0 | D:1      | Reached XP level 1. HP: 19/19 MP: 0/0
     9 | D:1      | Reached skill level 4 in Axes
   114 | D:1      | Reached XP level 2. HP: 20/26 MP: 1/1
   419 | D:1      | Reached skill level 5 in Axes
   494 | D:1      | Reached XP level 3. HP: 31/31 MP: 2/2
   823 | D:2      | Noticed a scorpion
   836 | D:2      | Killed a scorpion
   836 | D:2      | Reached ** piety under Trog
   836 | D:2      | Reached skill level 6 in Axes
   836 | D:2      | Reached XP level 4. HP: 14/39 MP: 3/3
  1845 | D:3      | Reached XP level 5. HP: 44/45 MP: 4/4
  1885 | D:3      | Reached skill level 7 in Axes
  2157 | D:3      | Reached *** piety under Trog
  2195 | D:3      | Reached skill level 8 in Axes
  2205 | D:3      | Reached XP level 6. HP: 40/51 MP: 5/5
  2489 | D:3      | Found a glowing drain.
  3024 | D:4      | Reached skill level 9 in Axes
  3457 | D:4      | Got a scorched hand axe
  3458 | D:4      | Identified the +6 hand axe of Isilux {freeze, Str+6} (You found it on level 4 of the Dungeon)
  3803 | D:5      | Entered Level 5 of the Dungeon
  3803 | D:5      | Found a shattered altar of Ashenzari.
  3818 | D:5      | Reached XP level 7. HP: 41/57 MP: 6/6
  3833 | D:5      | Reached skill level 10 in Axes
  3893 | D:5      | Reached **** piety under Trog
  4098 | D:5      | Found a staircase to the Ecumenical Temple.
  4315 | D:5      | Reached skill level 11 in Axes
  4417 | D:5      | Noticed Eustachio
  4432 | D:5      | Reached XP level 8. HP: 64/64 MP: 7/7
  4443 | D:5      | Killed Eustachio
  4548 | D:5      | Reached skill level 12 in Axes
  4641 | D:5      | Found a runed door.
  5054 | D:5      | Noticed Crazy Yiuf
  5059 | D:5      | Killed Crazy Yiuf
  5139 | D:6      | Noticed Duvessa
  5139 | D:6      | Noticed Dowan
  5146 | D:6      | Killed Dowan
  5147 | D:6      | Killed Duvessa
  5183 | D:6      | Reached skill level 13 in Axes
  5243 | D:6      | Noticed Prince Ribbit
  5249 | D:6      | Killed Prince Ribbit
  6081 | D:6      | Reached XP level 9. HP: 70/70 MP: 8/8
  6195 | D:6      | Received a gift from Trog
  6293 | D:7      | Reached skill level 14 in Axes
  6481 | D:8      | Reached skill level 5 in Fighting
  6728 | D:8      | Reached skill level 5 in Armour
  6731 | D:8      | Reached ***** piety under Trog
  6794 | D:8      | Noticed a cyclops
  6807 | D:8      | Killed a cyclops
  6808 | D:8      | Noticed a two-headed ogre
  6970 | D:8      | Slain by a two-headed ogre

Skill      XL: |  1  2  3  4  5  6  7  8  9 |
---------------+----------------------------+-----
Axes           | 4 5 6 8 9 11 13 14 | 14.0
Fighting       | 7 |  7.0
Armour         | 6 |  6.4
Dodging        | |  2.1

Action                   |  1- 3 |  4- 6 |  7- 9 || total
-------------------------+-------+-------+-------++-------
Melee: Hand axe          |    49 |   156 |   184 ||   389
       Headbutt          |    10 |    30 |    33 ||    73
Throw: Stone             |       |    12 |     9 ||    21
       Tomahawk          |       |       |     7 ||     7
  Use: Scroll            |       |    11 |    10 ||    21
       Potion            |       |       |     3 ||     3
  Eat: Chunk             |       |     8 |       ||     8
       Ration            |       |     2 |     2 ||     4
Armor: Animal skin       |     1 |       |       ||     1
       Robe              |     2 |       |       ||     2
       Leather armour    |     7 |       |       ||     7
       Ring mail         |       |    13 |       ||    13
       Scale mail        |       |     9 |       ||     9
       Chain mail        |       |    26 |    30 ||    56
       Plate armour      |       |       |    34 ||    34
Dodge: Dodged            |    35 |    46 |    69 ||   150
